 Dungeon Crawl Stone Soup version 0.29.1-12-g30fa7ad0bf (webtiles) character file.

Game seed: 3984049338539644203

42 Descartes the Sneak (level 3, 0/16 HPs)
             Began as a Spriggan Venom Mage on Jan 4, 2023.
             Slain by an adder (4 damage)
             ... on level 3 of the Dungeon.
             The game lasted 00:03:06 (2162 turns).

Descartes the Sneak (Spriggan Venom Mage)           Turns: 2162, Time: 00:03:07

Health: 0/16       AC:  2    Str:  7    XL:     3   Next: 33%
Magic:  7/8        EV: 17    Int: 18    God:
Gold:   45         SH:  0    Dex: 15    Spells: 6/7 levels left

rFire   . . .      SeeInvis +   t - +7 spear of Gluttony {venom, Str+3}
rCold   . . .      Faith    .   (no shield)
rNeg    . . .      Spirit   .   a - +0 robe
rPois   .          Reflect  .   (helmet restricted)
rElec   .          Harm     .   (no cloak)
rCorr   .          Rampage  .   (gloves unavailable)
Will    .....                   (boots unavailable)
Stlth   +++.......              (no amulet)
HPRegen 0.05/turn               (no ring)
MPRegen 0.11/turn               (no ring)

@: lethally poisoned (0 -> -4), very quick
A: very small, no large weapons, unfitting armour, see invisible, speed 3
a: no special abilities


You were on level 3 of the Dungeon.
You visited 1 branch of the dungeon, and saw 3 of its levels.

You collected 45 gold pieces.

Inventory:

Hand Weapons
 c - a +0 sling
 d - a +0 dagger
 t - the +7 spear of Gluttony (weapon) {venom, Str+3}
   (You found it on level 3 of the Dungeon)

   It poisons the flesh of those it strikes.
   Str:       It affects your strength (+3).
Missiles
 e - 12 stones
 k - 11 poisoned darts
 n - 3 datura-tipped darts
 s - 2 throwing nets
Armour
 a - a +0 robe (worn)
Jewellery
 r - a ring of protection from fire
Scrolls
 f - a scroll of vulnerability {unknown}
 g - a scroll of identify {unknown}
 h - a scroll of torment {unknown}
 j - 5 scrolls of teleportation {unknown}
 m - a scroll of enchant armour {unknown}
 o - a scroll of blinking {unknown}
 p - a scroll of poison {unknown}
Potions
 b - a potion of magic
 i - a potion of haste {unknown}
 l - 2 potions of curing {unknown}
 q - a potion of flight {unknown}


   Skills:
 + Level 0.5 Short Blades
 + Level 3.0 Dodging
 * Level 3.9 Stealth
 + Level 2.9 Spellcasting
 + Level 1.0 Translocations
 + Level 1.9 Transmutations
 * Level 3.3 Poison Magic
 + Level 1.2 Evocations


You had 6 spell levels left.
You knew the following spells:

 Your Spells              Type           Power      Damage    Failure   Level
a - Sting                 Tmut/Pois      48%        1d5       5%          1

Your spell library contained the following spells:

 Spells                   Type           Power      Damage    Failure   Level
 Poisonous Vapours        Pois/Air       16%        N/A       13%         2
 Slow                     Hex            8%         N/A       17%         1
 Mephitic Cloud           Conj/Pois/Air  6%         N/A       32%         3
 Olgreb's Toxic Radiance  Pois           14%        N/A       38%         4
 Confusing Touch          Hex            2%         N/A       45%         3
 Vampiric Draining        Necr           2%         2d6       45%         3


Dungeon Overview and Level Annotations

Branches:
Dungeon (3/15)

Altars:
The Shining One


Innate Abilities, Weirdness & Mutations

You are very small and have problems with some larger weapons.
You are too small for most types of armour.
You have supernaturally acute eyesight. (SInv)
You cover ground extremely quickly. (Speed+++)


Message History

Aim: a goblin, wielding a +0 club (64% to hit)
The sting hits the goblin.
The goblin is poisoned.
You kill the goblin!
Your Dodging skill increases to level 3!
You see here the +7 spear of Gluttony {venom, Str+3}.
t - the +7 spear of Gluttony {venom, Str+3} You feel stronger.
The +7 spear of Gluttony {venom, Str+3} begins to drip with poison!
t - the +7 spear of Gluttony (weapon)
{venom, Str+3} An adder comes into view.
Casting: Sting (safe; 5% risk of failure)
Confirm with . or Enter, or press ? or * to list all spells.
You can't see any susceptible monsters within range! (Use Z to cast anyway.) Unknown command.
You see here a rat corpse.
Casting: Sting (safe; 5% risk of failure)
Confirm with . or Enter, or press ? or * to list all spells.
You can't see any susceptible monsters within range! (Use Z to cast anyway.) Unknown command.
Unknown command.
Casting: Sting (safe; 5% risk of failure)
Confirm with . or Enter, or press ? or * to list all spells.
Aiming: Sting (safe; 5% risk of failure)
Press: ? - help, Shift-Dir - straight line, f - adder
Aim: an adder (wandering, hasn't noticed you, 53% to hit)
The sting hits the adder.
The adder is poisoned.
The adder is moderately wounded.
You closely miss the adder.
The adder is moderately wounded.
The adder bites you.
You are poisoned.
The adder poisons you! The adder bites you but does no damage.
You miss the adder. Your punch misses the adder.
The adder is lightly wounded.
You feel sick. The adder bites you.
You closely miss the adder.
The adder is moderately wounded.
* * * LOW HITPOINT WARNING * * *
You feel sick. The adder bites you.
You die...

.# .# ####.## .....
###.#.#
...######...#.####.#
#....S@†...........
######.....<......#
#.......$....#
#.............
#....)......##
#...........[#
##........$..#
#...........#
#..........##


You could see an adder (poisoned).

Vanquished Creatures
  2 dart slugs
  5 bats
  2 endoplasms (D:2)
  2 giant cockroaches
  3 goblins
  2 hobgoblins
  A quokka (D:1)
  6 ball pythons (D:1)
  3 frilled lizards
  4 kobolds
  7 rats
37 creatures vanquished.

Notes
Turn   | Place    | Note
-------+----------+-------------------------------------------
     0 | D:1      | Descartes the Spriggan Venom Mage began the quest for the
                  | Orb.
     0 | D:1      | Reached XP level 1. HP: 9/9 MP: 5/5
   175 | D:1      | Reached XP level 2. HP: 13/13 MP: 6/6
  1199 | D:2      | Reached XP level 3. HP: 16/16 MP: 8/8
  1206 | D:2      | Reached skill level 1 in Translocations
  1711 | D:2      | Reached skill level 1 in Evocations
  1898 | D:2      | Found a glowing golden altar of the Shining One.
  2133 | D:3      | Identified the +7 spear of Gluttony {venom, Str+3}
  2162 | D:3      | Slain by an adder

Illustrated notes

Levels and vault maps discovered:
D:1:      saegor_arrival_miasma, layout_loops_ring, minmay_tromino_v7
D:2:      layout_basic, basic_altar, minivault_19,
          nicolae_kite_square_tiling_tiny, dk_noncrumbling_3
D:3:      layout_rooms, uniq_robin

Skill      XL: |  1  2  3 |
---------------+----------+-----
Translocations | 1 |  1.0
Evocations     | 1 |  1.2
Dodging        | 3 |  3.0
Short Blades   | |  0.5
Stealth        | |  3.9
Spellcasting   | |  2.9
Transmutations | |  1.9
Poison Magic   | |  3.3

Action                   || total
-------------------------++-------
Melee: Spear             ||     3
 Fire: Sling             ||    41
 Cast: Sting             ||    26
Armor: Robe              ||     1
Dodge: Dodged            ||    13
